 Dungeon Crawl Stone Soup version 0.29-a0-422-gafbd6decc1 (webtiles) character file.

Game seed: 12695874103992141026

226651 zishaf the Warrior (level 20, 0/158 HPs)
             Began as a Djinni Venom Mage on May 18, 2022.
             Was the Champion of Dithmenos.
             Killed from afar by a thorn hunter (40 damage)
             ... with a volley of thorns
             ... on level 4 of the Swamp.
             The game lasted 01:58:51 (55231 turns).

zishaf the Warrior (Djinni Venom Mage)             Turns: 55231, Time: 01:58:51

Health: 0/158      AC: 19    Str:  9    XL:     20   Next: 14%
Gold:   1331       EV: 21    Int: 24    God:    Dithmenos [******] SH: 25 Dex: 18

rFire   + + .      SeeInvis .   a - +9 broad axe of the Whale {flame, Str+2}
rCold   . . .      Faith    .   U - +2 tower shield {AC+3}
rNeg    . . .      Spirit   .   K - +3 leather armour {rC+}
rPois   ∞          Reflect  +   o - +2 helmet
rElec   .          Harm     .   z - +2 cloak
rCorr   .          Rampage  .   s - +1 pair of gloves "Waja" {+Inv}
Will    ++...                   (boots unavailable)
Stlth   +++.......              J - amulet of Fun {Reflect Dex+2 SH+5}
HPRegen 0.36/turn               L - +4 ring of evasion
MPRegen 0.00/turn               C - +4 ring of evasion

@: flying, wreathed by umbra
A: sickness immunity, fire resistance 2, cold vulnerability 1, float, innate
caster, HP casting, extra vitality 1, shaggy fur 1, MP-powered wands
}: 1/15 runes: serpentine
a: Renounce Religion, Evoke Invisibility, Shadow Step, Shadow Form


You were on level 4 of the Swamp.
You worshipped Dithmenos.
Dithmenos was exalted by your worship.
You visited 5 branches of the dungeon, and saw 31 of its levels.
You visited 1 bazaar.
You also visited: Bailey and Volcano.

You collected 2658 gold pieces.
You spent 1327 gold pieces at shops.

Inventory:

Hand Weapons
 a - the +9 broad axe of the Whale (weapon) {flame, Str+2}
   (You bought it in a shop on level 4 of the Dungeon)

   It burns those it strikes, dealing additional fire damage.
   Big, fiery blades are also staple armaments of hydra-hunters.
   Str:       It affects your strength (+2).
 l - a +4 broad axe of flaming
Missiles
 u - a throwing net
Armour
 n - a +0 kite shield
 o - a +2 helmet (worn)
 s - the +1 pair of gloves "Waja" (worn) {+Inv}
   (You bought it in a shop in a bazaar)

   +Inv:      It lets you turn invisible.
 z - a +2 cloak (worn)
 K - a +3 leather armour of cold resistance (worn)
 U - a +2 tower shield of protection (worn)
 W - the +6 ring mail "Riaceuwu" {Drain rN++}
   (You found it on level 3 of the Swamp)

   rN:        It greatly protects you from negative energy.
   Drain:     It drains your maximum health when unequipped.
Magical Staves
 b - a staff of air
Jewellery
 w - a ring of see invisible
 C - a +4 ring of evasion (right hand)
 J - the amulet of Fun (around neck) {Reflect Dex+2 SH+5}
   (You acquired it on level 11 of the Dungeon)

   [amulet of reflection]

   It reflects blocked missile attacks.
   Dex:       It affects your dexterity (+2).
   SH:        It affects your SH (+5).
 L - a +4 ring of evasion (left hand)
 R - a ring of protection from fire
 V - a ring of protection from cold
Wands
 h - a wand of paralysis (18)
 j - a wand of polymorph (6)
 r - a wand of charming (23)
 x - a wand of flame (81)
 D - a wand of iceblast (12)
 G - a wand of acid (12)
 H - a wand of digging (11)
 I - a wand of mindburst (8)
Scrolls
 e - 5 scrolls of blinking
 f - 2 scrolls of enchant weapon
 k - 9 scrolls of fear
 t - 12 scrolls of teleportation
 y - 2 scrolls of magic mapping
 A - 7 scrolls of enchant armour
 B - 2 scrolls of silence
 O - 5 scrolls of fog
 Q - 4 scrolls of poison
Potions
 c - 6 potions of cancellation
 d - 3 potions of mutation
 g - 3 potions of berserk rage
 i - 12 potions of curing
 m - 6 potions of heal wounds
 p - 5 potions of lignification
 q - 7 potions of invisibility
 v - 6 potions of haste
 F - 6 potions of might
 M - 3 potions of resistance
 N - 4 potions of brilliance
 P - 6 potions of ambrosia
Miscellaneous
 E - a condenser vane (inert)
 S - a lightning rod (4/4)
 T - a tin of tremorstones (2/2)


   Skills:
 + Level 18.9 Fighting
 + Level 13.0 Axes
 - Level 6.4 Armour
 - Level 7.5 Dodging
 - Level 1.5 Stealth
 + Level 11.0 Shields
 + Level 14.3 Spellcasting
 - Level 11.0 Invocations
 - Level 7.0 Evocations


You had one spell level left.
You knew the following spells:

 Your Spells              Type           Power      Damage    Failure   Level
a - Eringya's Noxious Bo  Tmut/Pois      36%        N/A       11%         6
b - Stone Arrow           Conj/Erth      100%       3d13      1%          3
c - Mephitic Cloud        Conj/Pois/Air  72%        N/A       1%          3
d - Starburst             Conj/Fire      36%        6d11      11%         6
e - Shock                 Conj/Air       100%       1d9       1%          1
f - Static Discharge      Conj/Air       72%        N/A       1%          2
h - Poisonous Vapours     Pois/Air       100%       N/A       1%          2
j - Sting                 Tmut/Pois      100%       1d8       1%          1
k - Dispersal             Tloc           36%        N/A       11%         6
A - Manifold Assault      Tloc           72%        N/A       1%          5
B - Olgreb's Toxic Radia  Pois           72%        N/A       1%          4
C - Leda's Liquefaction   Hex/Erth       36%        N/A       1%          4
J - Portal Projectile     Hex/Tloc       100%       N/A       1%          3
Your spell library was empty.

Dungeon Overview and Level Annotations

Branches:
Dungeon (15/15)            Temple (0/1) D:4            Lair (6/6) D:11
  Swamp (4/4) Lair:4        Snake (4/4) Lair:3        Slime (0/5) Lair:5
    Orc (2/2) D:12            Elf (0/3) Orc:2        Vaults (0/5) D:14
 Depths (0/4) D:15         Bailey (visited)         Volcano (visited)

Altars:
Ashenzari
Dithmenos
Makhleb
Nemelex Xobeh
Okawaru
Ru
Sif Muna
Trog
Uskayaw
Xom
Yredelemnul
Beogh

Shops:
D:4 *?(**   D:13 ?(:[?   D:15 *   Orc:2 ****   Snake:2 =::   Snake:3 (
Snake:4 =*=!=

Annotations:
D:5 exclusion: upstairs
D:14 exclusion: upstairs


Innate Abilities, Weirdness & Mutations

You are immune to sickness and miasma.
You are immune to poison.
Your flesh is very heat resistant. (rF++)
You are vulnerable to cold. (rC-)
You float through the air rather than walking.
You learn spells naturally, not from books.
Your magical power is your life essence.
You have superior vitality. (+4 MHP)
You are covered in fur. (AC +1)
You expend health (3 HP) to strengthen your wands.


Message History

The four-headed hydra bites you!
Your Shields skill increases to level 11!
You slice the swamp drake!! You burn the swamp drake.
You kill the swamp drake!
Dithmenos accepts your kill.
You slash the thorn hunter! You burn the thorn hunter.
You slice one of the four-headed hydra's heads off!
The flame cauterises the wound!
You hit the three-headed hydra. You burn the three-headed hydra.
The thorn hunter hits you. x2
You block the three-headed hydra's attack. x3
The swamp drake breathes poison at you.
The noxious blast engulfs you but does no damage.
You resist. The thorn hunter hits you. You block the thorn hunter's attack.
The thorn hunter attacks as you move away!
The thorn hunter hits you! You block the thorn hunter's attack.
The thorn hunter fires a volley of thorns at you.
The volley of thorns hits you!!
* * * LOW HITPOINT WARNING * * *
You block the three-headed hydra's attack. x3
The swamp drake breathes poison at you.
The noxious blast engulfs the three-headed hydra but does no damage.
You chop one of the three-headed hydra's heads off!
The flame cauterises the wound!
You slash the two-headed hydra! You burn the two-headed hydra.
The two-headed hydra is moderately wounded.
Your shadow hits the two-headed hydra with a broad axe.
Your shadow slices one of the two-headed hydra's heads off!
The one-headed hydra grows two more!
You block the three-headed hydra's attack. x3
You lop one of the three-headed hydra's heads off!
The flame cauterises the wound!
You slash the two-headed hydra! You burn the two-headed hydra.
The two-headed hydra is moderately wounded.
You slash the thorn hunter! You burn the thorn hunter!
Your shadow hits the two-headed hydra with a broad axe.
Your shadow closely misses the thorn hunter.
The briar patch crumbles away. x3
The thorn hunter fires a volley of thorns at you.
The volley of thorns hits you!!!
You die...

♣♣♣♣♣♣ ♣.≈.§♣
♣≈≈≈<♣♣♣♣♣♣♣♣
♣♣♣♣.≈≈°§≈♣.≈P≈♣
♣≈≈♣♣♣♣♣@.≈≈≈P.♣
♣♣≈≈.≈°Df≈≈≈PP.♣
♣♣≈.≈§°°kk°≈§≈P.♣
≈≈♣♣..≈≈≈≈†°..≈≈PP..
......≈≈≈≈≈≈≈.≈§PP≈.
♣≈≈≈≈≈≈≈[≈†≈≈..≈PP≈.
.≈.≈.≈≈≈≈≈≈≈≈≈≈.♣♣P≈≈
♣k§....≈≈≈§≈≈§≈§♣ P≈.
♣...≈..≈≈≈≈≈≈≈§≈≈♣ ..


You could see a thorn hunter, a two-headed hydra and 2 swamp drakes.

Vanquished Creatures
  Vashnia (Snake:3)
  Gastronok (D:12)
  Kirke (D:13)
  A thorn hunter (Swamp:2)
  10 nagarajas
  An orc warlord (Orc:2)
  3 ghouls (Swamp:1)
  A stone giant (D:15)
  An eleionoma (Swamp:2)
  Nessos (Lair:6)
  4 dire elephants (Lair:6)
  2 bunyips
  The ghost of zeranya the Stormcaller, a journeyman OpWn of Gozag (Lair:3)
  A fire dragon (D:13)
  5 vault guards (D:14)
  A salamander tyrant (Snake:4)
  A boulder beetle (D:11)
  11 hydras
  A spriggan air mage (Swamp:3)
  2 ghost crabs
  4 centaur warriors
  4 alligators
  15 naga warriors
  6 two-headed ogres
  12 anacondas
  6 death yaks
  12 shock serpents
  4 orc high priests (Orc:2)
  2 tengu warriors (D:15)
  13 naga sharpshooters
  A hell knight (Volcano)
  Amaemon (D:8)
  Sonja (D:10)
  3 spriggan druids
  2 salamander mystics (Snake:4)
  A spectral death yak (Lair:6)
  6 goliath frogs
  A spectral anaconda (Lair:6)
  11 sea snakes
  A deep troll (Lair:5)
  5 naga ritualists
  6 swamp dragons
  2 bog bodies
  An obsidian statue (Lair:6)
  A deep elf archer (D:14)
  5 orc knights
  5 necromancers
  A deep elf pyromancer (D:14)
  7 cyclopes
  7 mana vipers
  A spectral boulder beetle (D:10)
  4 orc sorcerers (Orc:2)
  17 salamanders
  6 ugly things
  7 oklob plants
  6 manticores
  8 elephants (Lair:6)
  A torpor snail (D:14)
  15 guardian serpents
  2 centaur zombies (D:10)
  20 naga magi
  An orange demon (D:8)
  11 cane toads
  33 black mambas
  A dire elephant skeleton (Lair:6)
  3 unseen horrors
  2 kobold demonologists (D:13)
  2 rime drakes
  An efreet (D:14)
  7 yaktaurs
  The ghost of HendSelp the Spear-Bearer, a novice TeFi (D:5)
  4 komodo dragons
  4 polar bears
  4 tengu conjurers
  10 trolls
  A queen bee (D:12)
  3 meliai (D:15)
  8 tyrant leeches
  7 hornets
  3 blink frogs (Lair:6)
  21 slime creatures
  6 dream sheep (Lair:4)
  Prince Ribbit (D:8)
  Sigmund (D:4)
  A spectral black mamba (D:10)
  2 centaur simulacra
  11 flying skulls (D:10)
  A spectral elephant (Lair:6)
  4 shadows
  10 spriggans
  A vampire (D:10)
  8 wyverns
  40 yaks
  10 wraiths
  A human (D:14)
  Eustachio (D:4)
  3 hogs (D:13)
  3 basilisks
  2 death yak simulacra (Lair:6)
  13 wargs
  A steam dragon (D:8)
  53 nagas
  19 vampire mosquitoes
  16 swamp worms
  2 acid dragons (D:11)
  12 water moccasins
  An ice beast (D:7)
  2 sky beasts (D:7)
  6 black bears
  2 swamp drakes
  47 orc warriors
  11 ogres
  2 elephant zombies (Lair:6)
  A boggart (Lair:2)
  4 black mamba simulacra (D:10)
  An elephant skeleton (Lair:6)
  9 wolves
  A phantom (D:6)
  4 centaurs (Volcano)
  3 kobold brigands
  A gnoll sergeant (D:6)
  9 bullfrogs
  A scorpion (D:5)
  A cane toad simulacrum (Lair:6)
  4 necrophages
  17 killer bees
  2 howler monkeys
  3 vampire bats (Lair:4)
  3 elephant simulacra (Lair:6)
  7 electric eels
  2 spectral centaurs (D:10)
  6 hounds
  5 jellies
  2 gnoll shamans
  3 iron imps (D:10)
  32 orc priests
  Ijyb (D:4)
  20 orc wizards
  Natasha (thrice) (D:4)
  3 iguanas
  A polar bear simulacrum (D:9)
  14 hell rats
  4 yak simulacra (D:9)
  4 wolf simulacra (D:9)
  A spectral howler monkey (D:10)
  A howler monkey zombie (D:10)
  13 gnolls
  6 adders
  A howler monkey skeleton (D:10)
  A white imp (D:7)
  8 worms
  87 orcs
  3 ball pythons
  10 bats
  14 endoplasms
  3 giant cockroaches
  5 goblins
  8 hobgoblins
  10 jackals
  5 quokkas
  2 frilled lizards (D:1)
  34 kobolds
  6 rats
  2 river rat simulacra (D:9)
  A plant (D:14)
1095 creatures vanquished.

Vanquished Creatures (others)
  A will-o-the-wisp (Swamp:1)
  2 bloated husks (Swamp:2)
  2 hornets
  A wolf (Lair:3)
  6 foxfires (Swamp:1)
  34 fungi
  47 plants
  6 toadstools (D:3)
  30 withered plants (Lair:6)
129 creatures vanquished.

Grand Total: 1224 creatures vanquished

Notes
Turn   | Place    | Note
-------+----------+-------------------------------------------
     0 | D:1      | zishaf the Djinni Venom Mage began the quest for the Orb.
     0 | D:1      | Reached XP level 1. HP: 15/15 MP: 0/0
   378 | D:1      | Reached XP level 2. HP: 21/22 MP: 0/0
   921 | D:1      | Reached skill level 1 in Fighting
  1273 | D:1      | Found a faded altar of an unknown god.
  1409 | D:1      | Reached XP level 3. HP: 21/27 MP: 0/0
  1409 | D:1      | Learned a level 1 spell: Shock
  2375 | D:2      | Found a runed translucent door.
  2376 | D:2      | Noticed Crazy Yiuf
  2630 | D:2      | Reached XP level 4. HP: 19/32 MP: 0/0
  3333 | D:3      | Found a sparkling altar of Nemelex Xobeh.
  3431 | D:3      | Found a basalt altar of Yredelemnul.
  3567 | D:3      | Reached skill level 2 in Fighting
  4021 | D:3      | Reached XP level 5. HP: 24/38 MP: 0/0
  4021 | D:3      | Learned a level 2 spell: Static Discharge
  4554 | D:4      | Found a shadowy altar of Dithmenos.
  4559 | D:4      | Noticed Sigmund
  4715 | D:4      | Found Soonebo's Magic Scroll Shop.
  4736 | D:4      | Reached XP level 6. HP: 34/45 MP: 0/0
  4788 | D:4      | Found Koegen's Antique Weapon Boutique.
  4808 | D:4      | Noticed Natasha
  4817 | D:4      | Killed Natasha
  4818 | D:4      | Reached skill level 3 in Fighting
  4852 | D:4      | Noticed Natasha
  4857 | D:4      | Killed Natasha
  4872 | D:4      | Noticed Natasha
  4882 | D:4      | Killed Natasha
  5028 | D:4      | Found Qilotz's Assorted Antiques.
  5045 | D:4      | Noticed Ijyb
  5046 | D:4      | Found an iron altar of Okawaru.
  5046 | D:4      | Noticed Eustachio
  5118 | D:4      | Found Rofrator's Assorted Antiques.
  5273 | D:4      | Killed Sigmund
  5274 | D:4      | Reached skill level 5 in Spellcasting
  5274 | D:4      | Reached XP level 7. HP: 34/51 MP: 0/0
  5274 | D:4      | Learned a level 3 spell: Portal Projectile
  5408 | D:4      | Found a staircase to the Ecumenical Temple.
  5607 | D:4      | Found Taviv's General Store.
  5613 | D:4      | Bought a scroll of blinking for 75 gold pieces
  5628 | D:4      | Became a worshipper of Dithmenos the Shadowed
  5687 | D:5      | Entered Level 5 of the Dungeon
  5692 | D:5      | Found a runed translucent gate.
  5693 | D:5      | Found a runed translucent gate.
  5693 | D:5      | Noticed HendSelp's ghost (novice TeFi)
  5695 | D:5      | Found a runed translucent gate.
  5931 | D:5      | Reached skill level 4 in Fighting
  6342 | D:5      | Reached XP level 8. HP: 49/58 MP: 0/0
  6952 | D:2      | Noticed Crazy Yiuf
  6952 | D:2      | Crazy Yiuf changed into Crazy Yiuf the adder
  6957 | D:2      | Killed Crazy Yiuf the adder
  7105 | D:4      | Killed Ijyb
  7397 | D:4      | Found an iron altar of Okawaru.
  7414 | D:4      | Found Qilotz's Assorted Antiques.
  7440 | D:4      | Found Koegen's Antique Weapon Boutique.
  7465 | D:4      | Found Rofrator's Assorted Antiques.
  7466 | D:4      | Killed Eustachio
  7467 | D:4      | Reached skill level 5 in Fighting
  8104 | D:6      | Reached XP level 9. HP: 48/66 MP: 0/0
  8104 | D:6      | Learned a level 3 spell: Stone Arrow
  8279 | D:6      | Reached skill level 1 in Axes
  8280 | D:6      | Reached skill level 6 in Fighting
  9431 | D:4      | Bought an iridescent broad axe for 180 gold pieces
  9431 | D:4      | Identified the +9 broad axe of the Whale {flame, Str+2}
                  | (You bought it in a shop on level 4 of the Dungeon)
  9626 | D:5      | Killed HendSelp's ghost
  9627 | D:5      | Reached skill level 1 in Evocations
  9998 | D:7      | Found a bloodstained altar of Trog.
 10360 | D:7      | Reached * piety under Dithmenos
 10383 | D:7      | Reached skill level 7 in Fighting
 10666 | D:7      | Reached XP level 10. HP: 56/75 MP: 0/0
 11151 | D:8      | Noticed Prince Ribbit
 11156 | D:8      | Killed Prince Ribbit
 11668 | D:8      | Noticed a cyclops
 11676 | D:8      | Killed a cyclops
 12170 | D:8      | Identified the +8 war axe of Callousness {vorpal, Str+4}
 12266 | D:8      | Noticed Amaemon
 12282 | D:8      | Noticed an orange demon
 12457 | D:8      | Killed an orange demon
 12459 | D:8      | Killed Amaemon
 12460 | D:8      | Reached skill level 8 in Fighting
 13085 | D:9      | Found a flagged portal.
 13117 | Bailey   | Entered a bailey
 13426 | Bailey   | Reached skill level 5 in Axes
 13426 | Bailey   | Reached XP level 11. HP: 80/82 MP: 0/0
 13426 | Bailey   | Learned a level 4 spell: Leda's Liquefaction
 13753 | Bailey   | Noticed an orc knight
 13766 | Bailey   | Killed an orc knight
 13767 | Bailey   | Reached skill level 9 in Fighting
 13783 | Bailey   | Reached XP level 12. HP: 76/89 MP: 0/0
 13929 | D:9      | Reached ** piety under Dithmenos
 14394 | D:9      | Reached skill level 10 in Fighting
 15185 | D:9      | Found a hide-covered altar of Uskayaw.
 15680 | D:10     | Entered Level 10 of the Dungeon
 15681 | D:10     | Found a sacrificial altar of Ru.
 15819 | D:10     | Noticed Sonja
 15824 | D:10     | Killed Sonja
 15825 | D:10     | Reached skill level 1 in Shields
 16021 | D:10     | Reached *** piety under Dithmenos
 16069 | D:10     | Reached skill level 11 in Fighting
 16734 | D:10     | Reached XP level 13. HP: 79/99 MP: 0/0
 16734 | D:10     | Learned a level 5 spell: Manifold Assault
 17089 | D:10     | Found a basalt altar of Yredelemnul.
 17486 | D:4      | Bought a +3 leather armour of cold resistance for 240 gold
                  | pieces
 17695 | D:10     | Reached skill level 12 in Fighting
 17819 | D:10     | Reached skill level 10 in Spellcasting
 18125 | D:10     | Found a broken altar of Ashenzari.
 18185 | D:10     | Found a burning altar of Makhleb.
 18591 | D:4      | Bought a pair of gloves for 90 gold pieces
 18774 | D:11     | Reached **** piety under Dithmenos
 18853 | D:11     | Noticed a centaur warrior
 19014 | D:11     | Noticed a boulder beetle
 19023 | D:11     | Killed a boulder beetle
 19133 | D:11     | Found a staircase to the Lair.
 19580 | D:11     | Identified a scroll of acquirement
 19581 | D:11     | Acquired the amulet of Fun {Reflect Dex+2 SH+5}
 19653 | D:11     | Reached skill level 5 in Shields
 20081 | D:11     | Killed a centaur warrior
 20143 | Lair:1   | Entered Level 1 of the Lair of Beasts
 20166 | Lair:1   | Reached skill level 13 in Fighting
 20175 | Lair:1   | Found a dark tunnel.
 20254 | Volcano  | Entered a volcano
 20270 | Volcano  | Noticed a centaur warrior
 20281 | Volcano  | Killed a centaur warrior
 20531 | Volcano  | Reached skill level 14 in Fighting
 20531 | Volcano  | Reached XP level 14. HP: 112/112 MP: 0/0
 20828 | Lair:1   | Reached skill level 15 in Fighting
 21140 | Lair:1   | Reached XP level 15. HP: 110/120 MP: 0/0
 21140 | Lair:1   | Learned a level 6 spell: Eringya's Noxious Bog
 21268 | Lair:1   | Reached ***** piety under Dithmenos
 21705 | Lair:2   | Identified the +1 leather armour "Zeqargh" {rPois rN+
                  | Str+2}
 22565 | Lair:3   | Found a staircase to the Snake Pit.
 23081 | Lair:3   | Found a runed translucent door.
 23091 | Lair:3   | Identified the +9 spear of Forced Transition {pain, Drain
                  | rF+ Str+4}
 23094 | Lair:3   | Noticed zeranya's ghost (journeyman OpWn)
 24472 | Lair:3   | Reached skill level 1 in Invocations
 24478 | Lair:3   | Killed zeranya's ghost
 25625 | Lair:4   | Reached ****** piety under Dithmenos
 26086 | Lair:4   | Found a staircase to the Swamp.
 27536 | Lair:5   | Found a staircase to the Slime Pits.
 27845 | Lair:5   | Identified the +9 great sword of Zimol {pain, rElec Dex+3}
 28168 | Lair:6   | Entered Level 6 of the Lair of Beasts
 28502 | Lair:6   | Reached skill level 16 in Fighting
 28503 | Lair:6   | Reached XP level 16. HP: 112/128 MP: 0/0
 29251 | Lair:6   | Noticed Nessos
 29268 | Lair:6   | Killed Nessos
 30322 | Lair:6   | Reached skill level 5 in Invocations
 31173 | D:12     | Noticed Gastronok
 31187 | D:12     | Killed Gastronok
 31249 | D:12     | Found a staircase to the Orcish Mines.
 31506 | D:12     | Reached skill level 10 in Axes
 32379 | D:13     | Found Qaido's Armour Boutique.
 32524 | D:13     | Found Dor Xoe's Book Boutique.
 32663 | D:13     | Noticed Kirke
 32693 | D:13     | Killed Kirke
 32919 | D:13     | Found Tayr's Weapon Emporium.
 32980 | D:13     | Found Wumit's Magic Scroll Emporium.
 33508 | D:13     | Found Hiuxt's Magic Scroll Emporium.
 35668 | D:14     | Reached XP level 17. HP: 113/135 MP: 0/0
 35668 | D:14     | Learned a level 6 spell: Dispersal
 35743 | D:14     | Found a gate to the Vaults.
 36172 | D:15     | Entered Level 15 of the Dungeon
 36196 | D:15     | Found Movont's Overcharged Wands.
 36235 | D:15     | Found a flickering gateway to a bazaar.
 36241 | Bazaar   | Entered a bazaar
 36286 | Bazaar   | Found Xuplyskega's Jewellery Boutique.
 36308 | Bazaar   | Found Letened's Distillery.
 36329 | Bazaar   | Found Pahoc's Book Boutique.
 36349 | Bazaar   | Found Uzaum's Antique Armour Shoppe.
 36355 | Bazaar   | Bought a pair of heavily runed gloves for 228 gold pieces
 36355 | Bazaar   | Identified the +1 pair of gloves "Waja" {+Inv} (You bought
                  | it in a shop in a bazaar)
 36402 | Bazaar   | Bought a potion of mutation for 104 gold pieces
 36402 | Bazaar   | Bought a potion of heal wounds for 65 gold pieces
 36402 | Bazaar   | Bought a potion of heal wounds for 65 gold pieces
 36452 | D:15     | Identified the amulet "Ritonar" {Acrobat -Cast Harm Dex+5}
 36505 | D:15     | Identified the +7 quarterstaff "Kudainn" {antimagic, Str+4}
 36533 | D:15     | Found the +8 autumn katana {vorpal, manifold assault}
 36983 | D:15     | Reached skill level 17 in Fighting
 37335 | D:15     | Found a staircase to the Depths.
 37935 | Orc:1    | Entered Level 1 of the Orcish Mines
 37950 | Orc:1    | Found a shimmering altar of Xom.
 38533 | Orc:2    | Entered Level 2 of the Orcish Mines
 39547 | Orc:2    | Found a staircase to the Elven Halls.
 39958 | Orc:2    | Found Misac's General Store.
 39978 | Orc:2    | Bought a scroll of blinking for 82 gold pieces
 39978 | Orc:2    | Bought a potion of mutation for 88 gold pieces
 39978 | Orc:2    | Bought a potion of heal wounds for 55 gold pieces
 40096 | Orc:2    | Found Vafumn's General Store.
 40494 | Orc:2    | Found Qiom's General Store.
 40535 | Orc:2    | Found Doociss's General Store.
 41135 | Snake:1  | Entered Level 1 of the Snake Pit
 41840 | Snake:1  | Reached skill level 5 in Evocations
 43221 | Snake:2  | Reached XP level 18. HP: 100/143 MP: 0/0
 43820 | Snake:2  | Found Pesoownumen's Jewellery Shop.
 43820 | Snake:2  | Found Becwuy's Book Emporium.
 43821 | Snake:2  | Found Ocygamn's Book Emporium.
 43986 | Snake:2  | Found a shimmering altar of Xom.
 44989 | Snake:3  | Found Iraahop's Weapon Shoppe.
 44992 | Snake:3  | Noticed Vashnia
 45570 | Snake:3  | Killed Vashnia
 46986 | Snake:2  | HP: 7/144 [mana viper (12)]
 47389 | Snake:2  | Gained mutation: Your body sometimes deteriorates upon
                  | taking damage. [potion of mutation]
 47389 | Snake:2  | Gained mutation: You are partially covered in iridescent
                  | scales. (AC +2) [potion of mutation]
 47389 | Snake:2  | Gained mutation: You possess an exceptional clarity of
                  | mind. [potion of mutation]
 47390 | Snake:2  | Lost mutation: Your body sometimes deteriorates upon taking
                  | damage. [potion of mutation]
 47390 | Snake:2  | Lost mutation: You are partially covered in iridescent
                  | scales. (AC +2) [potion of mutation]
 47390 | Snake:2  | Lost mutation: You possess an exceptional clarity of mind.
                  | [potion of mutation]
 47390 | Snake:2  | Gained mutation: Your muscles are strong. (Str +2) [potion
                  | of mutation]
 47390 | Snake:2  | Gained mutation: You occasionally shout uncontrollably at
                  | your foes. [potion of mutation]
 47391 | Snake:2  | Lost mutation: You occasionally shout uncontrollably at
                  | your foes. [potion of mutation]
 47391 | Snake:2  | Lost mutation: Your muscles are strong. (Str +2) [potion of
                  | mutation]
 47391 | Snake:2  | Gained mutation: You have a pair of small antennae on your
                  | head. [potion of mutation]
 47391 | Snake:2  | Gained mutation: You have a pair of antennae on your head.
                  | [potion of mutation]
 47392 | Snake:2  | Lost mutation: You have a pair of antennae on your head.
                  | [potion of mutation]
 47392 | Snake:2  | Lost mutation: You have a pair of small antennae on your
                  | head. [potion of mutation]
 47392 | Snake:2  | Gained mutation: You expend health (3 HP) to strengthen
                  | your wands. [potion of mutation]
 47392 | Snake:2  | Gained mutation: You are covered in fur. (AC +1) [potion of
                  | mutation]
 47411 | Snake:4  | Entered Level 4 of the Snake Pit
 47411 | Snake:4  | Found Len Tiar's Jewellery Shop.
 48031 | Snake:4  | Found Diujoibe's Jewellery Emporium.
 48140 | Snake:4  | Found Kuenac's Jewellery Shoppe.
 48165 | Snake:3  | Reached skill level 18 in Fighting
 48419 | Snake:4  | Reached skill level 10 in Invocations
 48448 | Snake:4  | Found Viwifute's Assorted Antiques.
 48851 | Snake:4  | Reached XP level 19. HP: 143/150 MP: 0/0
 48851 | Snake:4  | Learned a level 6 spell: Starburst
 49978 | Snake:4  | Found Jureluar's Distillery.
 50017 | Snake:4  | Bought a potion of heal wounds for 55 gold pieces
 50321 | Snake:4  | Reached skill level 10 in Shields
 51222 | Snake:4  | Got a serpentine rune of Zot
 51544 | Swamp:1  | Entered Level 1 of the Swamp
 52094 | Swamp:1  | Identified the +0 leather armour of Raydegen {rF+ Dex+3}
 54525 | Swamp:3  | Reached XP level 20. HP: 148/158 MP: 0/0
 54616 | Swamp:3  | Identified the +6 ring mail "Riaceuwu" {Drain rN++}
 55160 | Swamp:4  | Entered Level 4 of the Swamp
 55231 | Swamp:4  | Killed from afar by a thorn hunter

Illustrated notes

Levels and vault maps discovered:
D:1:      wheals_arrival_linesprint, layout_basic,
          nicolae_ecumenical_lake_church, corexii_hall_statues_l
D:2:      layout_loops_cross, uniq_crazy_yiuf_cottage
D:3:      cheibrodos_fertilizer, layout_loops_ring,
          mainiacjoe_overflow_cross_hatched, mainiacjoe_overflow_small_starburst
D:4:      layout_rooms, okawaru_gym_becter,
          nicolae_dithmenos_through_a_glass_darkly,
          minmay_temple_entry_from_below_b, serial_shops, shop_fountains, shop,
          kennysheep_little_box, nicolae_shop_trees, shop, uniq_natasha,
          uniq_eustachio, uniq_sigmund, uniq_ijyb
D:5:      layout_loops_ring, gammafunk_ghost_nasty_kobolds,
          kennysheep_minor_cross
D:6:      hellmonk_crumbling_castle, layout_basic, grunt_decor_cap,
          nrook_pool_corridor
D:7:      layout_cave_pods, lemuel_tele_altar
D:8:      layout_layer_cave, minivault_14, uniq_prince_ribbit1, uniq_amaemon
D:9:      layout_stronghold, nicolae_uskayaw_dance_studio, enter_bailey_8,
          eino_house_with_fridge
D:10:     lemuel_vampire_tower, layout_basic, demons_altar,
          lemuel_coloured_pillars_altar, kennysheep_mini, uniq_sonja
D:11:     layout_layer_cave, lair_entry_dummy, lightli_corner_chamber
D:12:     layout_basic, orc_0_dummy, drop_trap, chequers_hall_statues_y,
          hive_lemuel, uniq_gastronok
D:13:     layout_basic, serial_shops, nicolae_shop_waterfront,
          nicolae_shop_bloodbath_and_beyond, shop, nicolae_take_the_stairs,
          shop, uniq_kirke
D:14:     layout_basic, grunt_vaults_entry_fortified, kennysheep_doodads,
          worms_lemuel
D:15:     grunt_enter_depths_snipers, layout_loops_ring,
          nicolae_twisting_strands, serial_shops, bzr_entry_safe,
          nicolae_shop_overcharged_wands
Lair:1:   layout_cellular_growth, enter_volcano_2, chequers_serial_rivers_room_a
Lair:2:   layout_hall_layers
Lair:3:   dpeg_oklob_gauntlet, layout_small_grid,
          minmay_snake_entry_guardpost_medium, ebering_ghost_funeral_grove,
          serial_bayou_pond_e, serial_bayou_ford_a, infiniplex_staircase_pool_2
Lair:4:   minmay_lair_oklob_chamber, layout_layer_cave,
          minmay_swamp_entry_swarm, roderic_batcave, grunt_megastairs_2
Lair:5:   dreamdust_cave_troll, layout_gridlike, dpeg_slime_entry_corner
Lair:6:   due_jungle_book, layout_regular_city, uniq_nessos
Swamp:1:  layout_falls_marsh, hangedman_swamp_lotus, swamp_pool1,
          infiniplex_staircase_pool
Swamp:2:  layout_falls_marsh, evilmike_swamp_ruin_house_1, swamp_pool1
Swamp:3:  layout_basic_swamp, evilmike_swamp_ruin_house_4
Swamp:4:  swamp_alternative, layout_basic_swamp
Snake:1:  layout_gridlike, serial_bayou_shore_b
Snake:2:  nicolae_snake_attic_fulla_snakes, layout_cave_town, basic_altar,
          serial_bayou_lake_a, minmay_shop_grove
Snake:3:  layout_layer_cave, serial_shops, nicolae_stop_n_shop_1, uniq_vashnia
Snake:4:  grunt_snake_rune_serpentine_throne, layout_basic, serial_shops,
          nicolae_shop_crystal, nicolae_shop_temple_entry_statues_fountains,
          shop, nicolae_shop_statue_plus, shop, nicolae_snake_omega
Orc:1:    layout_caves, basic_altar, kennysheep_orc_sif_temple
Orc:2:    pubby_orc_utopia, serial_shops

Skill      XL: |  1  2  3  4  5  6  7  8  9 10 11 12 13 14 15 16 17 18 19 20 |
---------------+-------------------------------------------------------------+-----
Fighting       | 1 2 3 4 5 7 8 9 11 14 15 16 17 18 | 18.9
Spellcasting   | 3 4 5 7 8 9 11 12 13 14 | 14.3
Axes           | 3 5 6 8 9 10 11 12 13 | 13.0
Evocations     | 2 4 5 7 |  7.0
Armour         | 6 |  6.4
Dodging        | 7 |  7.5
Shields        | 2 5 6 8 9 10 11 | 11.0
Invocations    | 4 7 8 10 11 | 11.0
Stealth        | |  1.5

Action                   |  1- 3 |  4- 6 |  7- 9 | 10-12 | 13-15 | 16-18 | 19-21 || total
-------------------------+-------+-------+-------+-------+-------+-------+-------++-------
Melee: Hand axe          |    12 |    40 |    50 |       |       |       |       ||   102
       Short sword       |     1 |       |       |       |       |       |       ||     1
       Punch             |       |       |     1 |     1 |       |       |       ||     2
       Broad axe         |       |       |    28 |    93 |   370 |  1249 |   494 ||  2234
       Staff             |       |       |       |       |       |     6 |       ||     6
 Cast: Sting             |    71 |    87 |    22 |     4 |       |     1 |       ||   185
       Poisonous Vapours |     5 |     7 |    52 |    71 |    20 |    25 |     1 ||   181
       Mephitic Cloud    |       |    11 |    34 |    42 |    10 |     7 |     1 ||   105
       Stone Arrow       |       |       |    17 |    79 |    79 |    21 |     6 ||   202
       Portal Projectile |       |       |     1 |       |       |       |       ||     1
       Olgreb's Toxic Ra |       |       |       |     1 |    19 |    29 |       ||    49
       Eringya's Noxious |       |       |       |       |    13 |    36 |    18 ||    67
       Leda's Liquefacti |       |       |       |       |     1 |       |     1 ||     2
       Manifold Assault  |       |       |       |       |       |    28 |    10 ||    38
       Dispersal         |       |       |       |       |       |     3 |       ||     3
       Starburst         |       |       |       |       |       |       |     1 ||     1
Evoke: Wand              |       |       |     1 |       |     1 |     2 |       ||     4
       Tin of tremorston |       |       |       |       |       |     2 |       ||     2
       Condenser vane    |       |       |       |       |       |     1 |     1 ||     2
  Use: Scroll            |       |    10 |     8 |     6 |    10 |     3 |       ||    37
       Potion            |       |       |     1 |     2 |     1 |    10 |       ||    14
 Stab: Sleeping          |       |     1 |     1 |     4 |    10 |    20 |     4 ||    40
       Confused          |       |     2 |    11 |    11 |     5 |    10 |     1 ||    40
       Distracted        |       |       |     1 |     1 |       |     2 |     2 ||     6
Armor: Robe              |     3 |     6 |    18 |    11 |     1 |       |       ||    39
       Leather armour    |       |       |       |       |   108 |   195 |   110 ||   413
Dodge: Dodged            |    20 |    37 |    55 |   127 |   428 |  1027 |   309 ||  2003
Block: Buckler           |       |       |       |     4 |   272 |   457 |       ||   733
       Reflection        |       |       |       |       |    10 |    72 |    40 ||   122
       Kite shield       |       |       |       |       |       |   439 |   173 ||   612
       Tower shield      |       |       |       |       |       |       |   421 ||   421

Table legend: (Time is in decaauts)
 A = Elapsed time spent in this place.
 B = Non-inter-level travel time spent in this place.
 C = Inter-level travel time spent in this place.
 D = Time resting spent in this place.
 E = Time spent auto-exploring this place.
 F = Levels seen in this place.
 G = Mean time per level.
                   A        B        C        D        E       F      G
               +--------+--------+--------+--------+--------+-----+--------+
         Total |  55746 |  52598 |   3148 |  11006 |  32255 |  34 | 1639.6 |
       Dungeon |  26362 |  24261 |   2101 |   4296 |  16161 |  15 | 1757.5 |
          Lair |  10872 |  10392 |    480 |   2164 |   6658 |   6 | 1812.0 |
         Swamp |   3748 |   3677 |     71 |    766 |   2192 |   4 |  937.0 |
     Snake Pit |  10459 |  10151 |    308 |   3327 |   4626 |   4 | 2614.8 |
  Orcish Mines |   3104 |   2917 |    187 |    151 |   2146 |   2 | 1552.0 |
        Bazaar |    185 |    185 |      0 |      0 |    126 |   1 |  185.0 |
        Bailey |    732 |    732 |      0 |    302 |    201 |   1 |  732.0 |
       Volcano |    282 |    282 |      0 |      0 |    145 |   1 |  282.0 |
               +--------+--------+--------+--------+--------+-----+--------+

Top non-repeatable levels by time:
 Snake:3: 3931 daAuts
  Lair:6: 2845 daAuts
 Snake:4: 2606 daAuts
   Orc:2: 2490 daAuts
    D:10: 2427 daAuts
  Lair:3: 2327 daAuts
 Snake:2: 2179 daAuts
  Lair:4: 2055 daAuts
     D:1: 2047 daAuts
    D:14: 2042 daAuts
     D:9: 1969 daAuts
     D:8: 1948 daAuts
    D:13: 1934 daAuts
     D:3: 1840 daAuts
     D:6: 1768 daAuts
